 Dungeon Crawl Stone Soup version 0.27-a0-1140-g099f9bb0e8 (webtiles) character file.

Game seed: 7423592257510495619

18455 bilbop the Thaumaturge (level 12, -30/88 HPs)
             Began as a Djinni Venom Mage on May 8, 2021.
             Was a Priest of Yredelemnul.
             Killed from afar by a frost giant (39 damage)
             ... with a bolt of cold
             ... in an ice cave.
             The game lasted 01:41:57 (19621 turns).

bilbop the Thaumaturge (Djinni Venom Mage)         Turns: 19621, Time: 01:41:57

Health: -30/88     AC: 12    Str:  7    XL:     12   Next: 58%
Gold:   538        EV:  9    Int: 20    God:    Yredelemnul [***...] SH: 15 Dex: 16

rFire    + + +     SeeInvis +   A - +4 spear (vorpal)
rCold    . . .     Faith    .   B - +1 kite shield {rN+}
rNeg     + . .     Spirit   .   j - +0 leather armour
rPois    ∞         Reflect  +   (no helmet)
rElec    .         Harm     .   p - scarf {rC+ rF+}
rCorr    .         Rampage  .   D - +0 pair of gloves
Will     +....                  (boots unavailable)
Stlth    ++++......             h - amulet of reflection
HPRegen  0.24/turn              a - +4 ring of protection
MPRegen  0.00/turn              F - ring "Caobbal" {AC+4 SInv}

@: flying
A: sickness immunity, fire resistance 2, cold vulnerability 1, float, innate
caster, hp casting, extra vitality 1
a: Renounce Religion, Recall Undead Slaves, Injury Mirror, Animate Dead


You were in an ice cave.
You worshipped Yredelemnul.
Yredelemnul was most pleased with you.
You visited 3 branches of the dungeon, and saw 14 of its levels.
You also visited: Ice Cave.

You collected 1012 gold pieces.
You spent 474 gold pieces at shops.

Inventory:

Hand Weapons
 c - a +2 dagger of speed
 m - a +6 scythe
 A - a +4 vorpal spear (weapon)
 G - a +1 trident of venom
 H - a +3 dagger
Missiles
 l - 7 atropa-tipped darts
 w - 6 curare-tipped darts
Armour
 j - a +0 leather armour (worn)
 p - a scarf of resistance (worn)
 B - a +1 kite shield of positive energy (worn)
 D - a +0 pair of gloves (worn)
 L - a +0 buckler
 Q - a +0 cloak of cold resistance
Jewellery
 a - a +4 ring of protection (left hand)
 d - a +6 ring of intelligence
 h - an amulet of reflection (around neck)
 u - an amulet of faith
 y - a ring of resist corrosion
 F - the ring "Caobbal" (right hand) {AC+4 SInv}
   (You found it on level 9 of the Dungeon)

   [ring of protection]

   It affects your AC (+4).
   It lets you see invisible.
 M - a +4 ring of protection
Wands
 n - a wand of flame (42)
 s - a wand of mindburst (33)
 t - a wand of digging (6)
 v - a wand of iceblast (31)
 x - a wand of paralysis (6)
 E - a wand of polymorph (5)
Scrolls
 b - 11 scrolls of teleportation
 g - 2 scrolls of magic mapping
 i - 2 scrolls of summoning
 k - 2 scrolls of fog
 q - a scroll of enchant armour
 C - 3 scrolls of enchant weapon
 O - a scroll of blinking
Potions
 e - 2 potions of resistance
 f - 3 potions of heal wounds
 o - 2 potions of berserk rage
 r - 2 potions of lignification {unknown}
 z - a potion of degeneration {unknown}
 I - 5 potions of flight {unknown}
 J - a potion of brilliance {unknown}
 K - 2 potions of curing {unknown}
 N - 2 potions of might {unknown}
 P - a potion of ambrosia {unknown}


   Skills:
 + Level 8.5 Fighting
 + Level 7.0 Polearms
 - Level 2.1 Dodging
 + Level 8.0 Stealth
 + Level 5.0 Shields
 * Level 10.5 Spellcasting
 + Level 5.3 Invocations


You had 6 spell levels left.
You knew the following spells:

 Your Spells              Type           Power      Damage    Failure   Level
a - Sting                 Tmut/Pois      100%       1d8       1%          1
b - Poisonous Vapours     Pois/Air       100%       N/A       1%          2
c - Mephitic Cloud        Conj/Pois/Air  52%        N/A       1%          3
d - Ignite Poison         Fire/Tmut/Pois 52%        N/A       1%          3
e - Olgreb's Toxic Radia  Pois           52%        N/A       4%          4
f - Pain                  Necr           100%       1d9       1%          1
g - Ensorcelled Hibernat  Hex/Ice        100%       N/A       1%          2
h - Spider Form           Tmut/Pois      26%        N/A       1%          3
i - Stone Arrow           Conj/Erth      100%       3d13      1%          3
j - Sticky Flame          Conj/Fire      52%        2d7       4%          4
Your spell library was empty.

Dungeon Overview and Level Annotations

Branches:
Dungeon (11/15)            Temple (1/1) D:7            Lair (2/6) D:10
    Orc (0/2) D:9           IceCv (1/1)
  Swamp: Lair:2-4    Shoals: Lair:2-4     Snake: Lair:2-4    Spider: Lair:2-4

Altars:
Ashenzari
Cheibriados
Dithmenos
Elyvilon
Fedhas
Gozag
Kikubaaqudgha
Makhleb
Nemelex Xobeh
Okawaru
Qazlal
Ru
Sif Muna
Trog
Uskayaw
Vehumet
Wu Jian
Xom
Yredelemnul
Zin
The Shining One

Shops:
D:3 ?(   D:5 ((   D:7 =

Annotations:
D:5 1 runed translucent door, tinescath's ghost, amateur DrTm
Lair:1 3 runed translucent doors, voltaire321's ghost, journeyman DEIE IceCv exclusion: ice statue


Innate Abilities, Weirdness & Mutations

You are immune to sickness and miasma.
You are immune to poison.
Your flesh is very heat resistant. (rF++)
You are vulnerable to cold. (rC-)
You float through the air rather than walking.
You learn spells naturally, not from books.
Your magical power is your life essence.
You have superior vitality. (+4 HP)


Message History

You ignite the poison in your surroundings!
The frost giant seems to burn from within!
The frost giant is severely wounded.
The wolf seems to burn from within!!
You kill the wolf!
Yredelemnul accepts your kill.
The frost giant points at you and mumbles some strange words.
The bolt of cold hits you.
Casting: Ignite Poison (safe; 1% risk of failure)
Confirm with . or Enter, or press ? or * to list all spells.
Aiming: Stone Arrow (safe; 1% risk of failure)
Press: ? - help, Shift-Dir - straight line, f/p - frost giant
Aim: a frost giant, wielding a +2 battleaxe of freezing (severely wounded, 98% to hit)
The stone arrow hits the frost giant!
The frost giant is severely wounded.
The frost giant gestures at you while chanting.
The bolt of cold hits you!!
You hear a howl!
Casting: Stone Arrow (safe; 1% risk of failure)
Confirm with . or Enter, or press ? or * to list all spells.
Aiming: Poisonous Vapours (safe; 1% risk of failure)
Press: ? - help, Dir - move target, f/p - frost giant
Aim: a frost giant, wielding a +2 battleaxe of freezing (severely wounded) Poisonous vapours surround the frost giant!
The frost giant is engulfed in poison gas.
The frost giant is poisoned.
The frost giant points at you and mumbles some strange words.
The bolt of cold hits you!!
* * * LOW HITPOINT WARNING * * *
A wolf comes into view.
Casting: Poisonous Vapours (safe; 1% risk of failure)
Confirm with . or Enter, or press ? or * to list all spells.
You ignite the poison in your surroundings!
The frost giant seems to burn from within!!
The frost giant is almost dead.
* * * LOW HITPOINT WARNING * * *
The frost giant gestures at you while chanting.
The bolt of cold hits you!!!
You die...
Your body rises from the dead as a mindless zombie.

###≈≈≈#############≈≈≈#
#≈≈≈≈≈##.........##.###
≈≈≈≈###............##
≈≈≈## ###.......## ####
##......#...# #
#.).....#...#
##)...)##...#
##.)###...## ####.@.###
.††C....## ...h.####
####


You could see a frost giant and a wolf.

Vanquished Creatures
  3 two-headed ogres
  Erica (Lair:1)
  Sonja (Lair:1)
  A cyclops (D:11)
  A gargoyle (D:10)
  4 cane toads
  A rime drake (Lair:1)
  2 komodo dragons
  An ice devil (Lair:2)
  7 polar bears (IceCv)
  A troll (D:10)
  Grinder (D:3)
  A meliai zombie (D:11)
  Sigmund (D:4)
  3 wraiths
  4 yaks (IceCv)
  A shadow (D:11)
  Grum (D:6)
  Eustachio (D:6)
  2 vampire mosquitoes (D:11)
  3 steam dragons
  Menkaure (D:4)
  An acid dragon (D:11)
  7 water moccasins
  3 sky beasts
  3 black bears (D:6)
  5 orc warriors
  3 ice beasts
  13 wolves
  2 centaurs (D:8)
  3 ogres
  A kobold brigand (D:10)
  A wyvern zombie (D:7)
  5 bullfrogs
  6 gnoll sergeants
  4 scorpions
  A water moccasin skeleton (D:5)
  6 killer bees (D:8)
  3 electric eels (D:10)
  A howler monkey (D:10)
  16 hounds
  2 centaur zombies
  A bullfrog skeleton (D:4)
  2 jellies
  5 orc priests
  A centaur skeleton (D:7)
  11 orc wizards
  Natasha (thrice) (D:4)
  4 killer bee zombies
  A howler monkey skeleton (D:7)
  19 gnolls
  8 adders
  A shadow imp (D:7)
  A dart slug (D:3)
  35 orcs
  3 endoplasms
  2 giant cockroaches
  8 goblins
  4 hobgoblins
  7 jackals
  5 quokkas
  2 ball pythons
  7 bats
  5 frilled lizards
  13 kobolds
  10 rats
286 creatures vanquished.

Vanquished Creatures (collateral kills)
  Nergalle (D:10)
  A centaur zombie (D:11)
  A cane toad (D:10)
  An ice devil (Lair:2)
  A wraith (D:11)
5 creatures vanquished.

Vanquished Creatures (others)
  2 cane toad zombies (Lair:2)
  A komodo dragon zombie (Lair:2)
  A cane toad skeleton (D:10)
  An acid dragon zombie (D:11)
  2 gnoll zombies (D:9)
  3 hound zombies (D:10)
  A water moccasin zombie (Lair:2)
  2 wolf zombies (D:10)
  2 fungi (Lair:2)
  6 plants
21 creatures vanquished.

Grand Total: 312 creatures vanquished

Notes
Turn   | Place    | Note
-------+----------+-------------------------------------------
     0 | D:1      | bilbop the Djinni Venom Mage began the quest for the Orb.
     0 | D:1      | Reached XP level 1. HP: 15/15 MP: 0/0
   454 | D:1      | Reached XP level 2. HP: 9/22 MP: 0/0
   652 | D:1      | Reached skill level 3 in Spellcasting
  1683 | D:2      | Reached skill level 1 in Fighting
  1755 | D:2      | Reached XP level 3. HP: 21/27 MP: 0/0
  1755 | D:2      | Learned a level 1 spell: Pain
  3040 | D:3      | Reached XP level 4. HP: 28/32 MP: 0/0
  3708 | D:3      | Found Ageacoru's Magic Scroll Boutique.
  3843 | D:3      | Reached XP level 5. HP: 9/38 MP: 0/0
  3843 | D:3      | Learned a level 2 spell: Ensorcelled Hibernation
  4162 | D:3      | Reached skill level 1 in Polearms
  4314 | D:3      | Found Xizxedo's Weapon Emporium.
  4314 | D:3      | Noticed Grinder
  4325 | D:3      | Killed Grinder
  4326 | D:3      | Reached skill level 4 in Spellcasting
  4326 | D:3      | Reached XP level 6. HP: 16/45 MP: 0/0
  4865 | D:4      | Noticed Sigmund
  5151 | D:4      | Noticed Natasha
  5155 | D:4      | Killed Natasha
  5357 | D:4      | Noticed Natasha
  5360 | D:4      | Killed Natasha
  5572 | D:4      | Reached XP level 7. HP: 26/49 MP: 0/0
  5572 | D:4      | Learned a level 3 spell: Spider Form
  5893 | D:4      | Noticed Natasha
  5896 | D:4      | Killed Natasha
  5996 | D:4      | Killed Sigmund
  5997 | D:4      | Reached skill level 5 in Spellcasting
  6055 | D:4      | Found a glowing silver altar of Zin.
  6064 | D:4      | Noticed Menkaure
  6114 | D:4      | Killed Menkaure
  6115 | D:4      | Reached XP level 8. HP: 36/57 MP: 0/0
  6516 | D:5      | Entered Level 5 of the Dungeon
  6631 | D:5      | Reached skill level 6 in Spellcasting
  7097 | D:5      | Found Rakhahee's Hydra Hut.
  7101 | D:5      | Noticed an eight-headed hydra
  7207 | D:5      | Noticed tinescath's ghost (amateur DrTm)
  7208 | D:5      | Found a runed translucent door.
  7209 | D:5      | Noticed a cyclops
  7264 | D:5      | Found Rihogyly's Weapon Shop.
  7475 | D:5      | Found an iron altar of Okawaru.
  7476 | D:5      | Found a hide-covered altar of Uskayaw.
  7529 | D:6      | Reached XP level 9. HP: 52/63 MP: 0/0
  7529 | D:6      | Learned a level 3 spell: Stone Arrow
  7926 | D:6      | Reached skill level 5 in Fighting
  7926 | D:6      | Reached skill level 5 in Stealth
  8076 | D:6      | Reached skill level 7 in Spellcasting
  8256 | D:6      | Noticed Eustachio
  8260 | D:6      | Killed Eustachio
  8947 | D:6      | Noticed Grum
  8954 | D:6      | Killed Grum
  9210 | D:6      | Reached XP level 10. HP: 65/72 MP: 0/0
  9216 | D:6      | Reached skill level 8 in Spellcasting
  9575 | D:7      | Reached skill level 5 in Polearms
  9742 | D:7      | Found a staircase to the Ecumenical Temple.
  9756 | Temple   | Entered the Ecumenical Temple
  9763 | Temple   | Became a worshipper of Yredelemnul the Dark
  9854 | D:7      | Found a sacrificial altar of Ru.
  9862 | D:7      | Found Ephushri's Jewellery Shop.
 10259 | D:7      | Found a shadowy altar of Dithmenos.
 10796 | D:8      | Found an opulent altar of Gozag.
 10806 | D:8      | Reached skill level 1 in Invocations
 11574 | D:8      | Reached skill level 1 in Shields
 11918 | D:8      | Noticed a two-headed ogre
 11923 | D:8      | Killed a two-headed ogre
 11924 | D:8      | Reached skill level 9 in Spellcasting
 12040 | D:8      | Reached * piety under Yredelemnul
 12208 | D:9      | Identified the ring "Caobbal" {AC+4 SInv}
 12228 | D:9      | Reached XP level 11. HP: 65/79 MP: 0/0
 12228 | D:9      | Learned a level 4 spell: Sticky Flame
 13095 | D:9      | Found a staircase to the Orcish Mines.
 13565 | D:3      | Bought a scroll of identify for 24 gold pieces
 13694 | D:7      | Bought an amulet of reflection for 450 gold pieces
 13734 | D:10     | Entered Level 10 of the Dungeon
 13734 | D:10     | Noticed a two-headed ogre
 13738 | D:10     | Killed a two-headed ogre
 13976 | D:10     | Found a staircase to the Lair.
 13987 | D:10     | Reached ** piety under Yredelemnul
 14288 | D:10     | Noticed a two-headed ogre
 14292 | D:10     | Killed a two-headed ogre
 14720 | D:11     | Noticed a cyclops
 14728 | D:11     | Killed a cyclops
 16404 | Lair:1   | Entered Level 1 of the Lair of Beasts
 16404 | Lair:1   | Noticed Nergalle
 16923 | D:10     | Killed Nergalle
 17879 | Lair:1   | Noticed Sonja
 17886 | Lair:1   | Killed Sonja
 17887 | Lair:1   | Reached skill level 10 in Spellcasting
 17922 | Lair:1   | Reached XP level 12. HP: 72/86 MP: 0/0
 18012 | Lair:1   | Noticed Erica
 18067 | Lair:1   | Killed Erica
 18136 | Lair:1   | Found a runed translucent gate.
 18136 | Lair:1   | Found a runed translucent gate.
 18434 | Lair:1   | Noticed voltaire321's ghost (journeyman DEIE)
 18449 | Lair:1   | Found a runed translucent gate.
 18810 | Lair:2   | Found a frozen archway.
 18846 | IceCv    | Entered an ice cave
 18850 | IceCv    | Reached skill level 5 in Invocations
 19036 | IceCv    | Reached *** piety under Yredelemnul
 19189 | IceCv    | Reached skill level 5 in Shields
 19611 | IceCv    | Noticed a frost giant
 19621 | IceCv    | Killed from afar by a frost giant

Illustrated notes

Levels and vault maps discovered:
D:1:      minmay_arrival_five_plusses, layout_basic
D:2:      layout_loops_cross
D:3:      layout_basic, nicolae_overflow_hidden_temple, serial_shops, shop,
          shop, uniq_grinder
D:4:      layout_cave_pods, lemuel_crystal_altar, uniq_sigmund, uniq_natasha,
          uniq_menkaure
D:5:      layout_cave_pools, gammafunk_temple_overflow_statue,
          ebering_ghost_inner_flame, serial_shops, shop, doesnt_shop_hydraphobe
D:6:      layout_cave_pools, serial_gnoll_camp, gnoll_camp_mini_doghouse,
          grums_kennel, gnoll_camp_mini_house, gnoll_camp_mini_hut,
          gnoll_camp_mini_sergeant, gnoll_camp_mini_doghouse, uniq_eustachio
D:7:      layout_basic, lemuel_crystal_altar, lemuel_coloured_pillars_altar,
          minmay_temple_entry_statues_pillars, minmay_shop_enchanted_jewellery
D:8:      minmay_the_grid_square_5x5_3x3 [minmay_the_grid_square_5x5_longway,
          minmay_the_grid_square_5x5_intrusive_squares,
          minmay_the_grid_square_5x5_half_checkered,
          minmay_the_grid_square_5x5_almost_minimal,
          minmay_the_grid_square_5x5_megaprize_hollow,
          minmay_the_grid_square_5x5_tetrominoes,
          minmay_the_grid_square_5x5_meh,
          minmay_the_grid_square_5x5_inverted_slash,
          minmay_the_grid_square_5x5_six_small], layout_gridville,
          amcnicky_altar_gilded, minmay_strange_pillars
D:9:      layout_gridville, orc_0_dummy, minmay_misc_feat_ornament
D:10:     layout_loops_cross, erik_lair_island, minmay_misc_feat_tiny
D:11:     layout_layer_cave
Temple:   nicolae_temple_no_exploring_needed
Lair:1:   layout_regular_city, gammafunk_ghost_split, uniq_sonja, uniq_nergalle,
          uniq_erica
Lair:2:   layout_small_grid, shoals_dummy_entry, special_room
          [special_room_bee], portal_ice_cave_demonic_guard
IceCv:    ice_cave_small_giant

Skill      XL: |  1  2  3  4  5  6  7  8  9 10 11 12 |
---------------+-------------------------------------+-----
Spellcasting   | 3 4 5 6 7 9 10 | 10.5
Stealth        | 2 3 4 5 6 7 8 |  8.0
Fighting       | 1 2 3 4 6 7 8 |  8.5
Polearms       | 1 2 3 4 5 6 7 |  7.0
Invocations    | 2 4 5 |  5.3
Shields        | 2 4 5 |  5.0
Dodging        | |  2.1

Action                   |  1- 3 |  4- 6 |  7- 9 | 10-12 || total
-------------------------+-------+-------+-------+-------++-------
Melee: Dagger            |    96 |       |       |       ||    96
       Spear             |    47 |    86 |     1 |    28 ||   162
       Scythe            |       |       |    35 |    91 ||   126
 Cast: Sting             |    20 |     5 |       |     1 ||    26
       Poisonous Vapours |       |    25 |    44 |    50 ||   119
       Ignite Poison     |       |     6 |    40 |    65 ||   111
       Mephitic Cloud    |       |     2 |     9 |     7 ||    18
       Ensorcelled Hiber |       |     1 |       |    10 ||    11
       Olgreb's Toxic Ra |       |       |    12 |    20 ||    32
       Stone Arrow       |       |       |     9 |    60 ||    69
       Sticky Flame      |       |       |       |     6 ||     6
Invok: Animate Remains   |       |       |       |    36 ||    36
       Animate Dead      |       |       |       |     3 ||     3
  Use: Scroll            |       |       |     1 |    15 ||    16
 Stab: Sleeping          |     2 |       |     2 |    10 ||    14
       Distracted        |       |       |       |     1 ||     1
Armor: Robe              |    25 |     8 |       |       ||    33
       Leather armour    |       |    10 |    24 |    87 ||   121
Dodge: Dodged            |    88 |    37 |    38 |   111 ||   274
Block: Other             |       |       |       |    32 ||    32
       Reflection        |       |       |       |     2 ||     2
       Kite shield       |       |       |       |     7 ||     7

Table legend: (Time is in decaauts)
 A = Elapsed time spent in this place.
 B = Non-inter-level travel time spent in this place.
 C = Inter-level travel time spent in this place.
 D = Time resting spent in this place.
 E = Time spent auto-exploring this place.
 F = Levels seen in this place.
 G = Mean time per level.
                   A        B        C        D        E       F      G
               +--------+--------+--------+--------+--------+-----+--------+
         Total |  19704 |  18221 |   1483 |   6321 |   9536 |  15 | 1313.6 |
       Dungeon |  17417 |  16371 |   1046 |   5522 |   9133 |  11 | 1583.4 |
        Temple |     14 |      2 |     12 |      0 |      0 |   1 |   14.0 |
          Lair |   1498 |   1073 |    425 |    388 |    299 |   2 |  749.0 |
      Ice Cave |    774 |    774 |      0 |    411 |    104 |   1 |  774.0 |
               +--------+--------+--------+--------+--------+-----+--------+

Top non-repeatable levels by time:
     D:3: 2209 daAuts
     D:6: 2058 daAuts
    D:10: 1846 daAuts
    D:11: 1792 daAuts
     D:1: 1645 daAuts
     D:8: 1631 daAuts
     D:4: 1431 daAuts
     D:2: 1322 daAuts
     D:9: 1278 daAuts
  Lair:1: 1270 daAuts
     D:7: 1147 daAuts
     D:5: 1055 daAuts
   IceCv: 774 daAuts
  Lair:2: 227 daAuts
  Temple: 14 daAuts
